 Dungeon Crawl Stone Soup version 0.21.0-3-g78d12a8 (webtiles) character file.

8817 inmateoo the Quickloader (level 11, -20/83 HPs)
             Began as a Demonspawn Hunter on Jan 9, 2018.
             Was a High Priest of Okawaru.
             Killed from afar by Josephine (28 damage)
             ... with a ghostly fireball
             ... on level 10 of the Dungeon.
             The game lasted 00:18:06 (11903 turns).

inmateoo the Quickloader (Demonspawn Hunter)       Turns: 11903, Time: 00:18:06

Health: -20/83     AC: 16    Str: 13    XL:     11   Next: 14%
Magic:  14/15      EV: 15    Int: 13    God:    Okawaru [*****.]
Gold:   475        SH:  0    Dex: 16    Spells: 8/14 levels left

rFire    + . .     SeeInvis .   a - +2 hand crossbow
rCold    + + .     Gourm    .   (no shield)
rNeg     . . .     Faith    .   z - +2 scale mail {rPois}
rPois    +         Spirit   .   (helmet unavailable)
rElec    .         Reflect  .   (no cloak)
rCorr    .         Harm     .   m - +2 pair of gloves
MR       .....                  (no boots)
Stlth    ++........             (no amulet)
HPRegen  0.23/turn              s - ring of protection from cold
MPRegen  0.14/turn              q - ring of protection from cold

@: heroism, heavily drained
A: horns 3, thin metallic scales 2, fire resistance 1, spiny 1, flame cloud
immunity
a: Heroism, Finesse, Renounce Religion


You were on level 10 of the Dungeon.
You worshipped Okawaru.
Okawaru was extremely pleased with you.
You were hungry.

You visited 2 branches of the dungeon, and saw 11 of its levels.

You collected 475 gold pieces.

Inventory:

Hand Weapons
 a - a +2 hand crossbow (weapon)
 b - a +2 mace of crushing
Missiles
 d - 25 bolts (quivered)
Armour
 m - a +2 pair of gloves (worn)
 z - a +2 scale mail of poison resistance (worn)
Jewellery
 q - a ring of protection from cold (right hand)
 s - a ring of protection from cold (left hand)
 y - an uncursed ring of protection from fire
 A - an uncursed ring of protection from fire
 D - an uncursed ring of resist corrosion
Wands
 C - a wand of random effects (23)
Scrolls
 g - a scroll of fog
 l - 2 scrolls of teleportation
 n - a scroll of magic mapping
 r - 4 scrolls of remove curse
 x - 3 scrolls of identify
 G - a scroll of fear
Potions
 c - 4 potions of curing
 e - 2 potions of agility
 i - 2 potions of degeneration {unknown}
 j - 4 potions of magic {unknown}
 k - a potion of might {unknown}
 o - 2 potions of resistance {unknown}
 p - 5 potions of flight {unknown}
 t - a potion of ambrosia {unknown}
 u - 4 potions of mutation {unknown}
 v - 5 potions of brilliance {unknown}
 w - a potion of haste {unknown}
 B - a potion of cancellation {unknown}
 E - a potion of invisibility {unknown}
 H - a potion of heal wounds
Books
 F - a book of Enchantments

   Spells                             Type                      Level
   a - Cause Fear                     Hexes                        4
   b - Yara's Violent Unravelling     Hexes/Transmutation          5
   c - Silence                        Hexes/Air                    5
   d - Deflect Missiles               Charms/Air                   6
   e - Discord                        Hexes                        8
 I - a book of Party Tricks

   Spells                             Type                      Level
   a - Summon Butterflies             Summoning                    1
   b - Apportation                    Translocation                1
   c - Lesser Beckoning               Translocation                3
   d - Tukima's Dance                 Hexes                        3
   e - Alistair's Intoxication        Transmutation/Poison         5
   f - Invisibility                   Hexes                        6
Comestibles
 f - 11 rations


   Skills:
 + Level 6.9(10.4) Fighting
 + Level 4.1(7.7) Maces & Flails
 + Level 10.9(14.2) Crossbows
 - Level 4.0(7.6) Armour
 + Level 6.7(10.2) Dodging
 - Level 0.8(4.5) Stealth
 + Level 2.3(1.2) Spellcasting
 + Level 2.3(1.1) Translocations
 - Level 6.1(4.8) Invocations


You had 8 spell levels left.
You knew the following spells:

 Your Spells              Type           Power        Failure   Level  Hunger
a - Apportation           Tloc           #.....       54%         1    ##.....
b - Blink                 Tloc           N/A          69%         2    ###....
c - Mephitic Cloud        Conj/Pois/Air  #.......     97%         3    ####...


Dungeon Overview and Level Annotations

Branches:
Dungeon (10/15)            Temple (1/1) D:5            Lair (0/6) D:8
    Orc: D:9-12

Altars:
Ashenzari
Cheibriados
Dithmenos
Elyvilon
Fedhas
Gozag
Hepliaklqana
Makhleb
Nemelex Xobeh
Okawaru
Qazlal
Ru
Trog
Vehumet
Wu Jian
The Shining One

Shops:
D:8 (

Annotations:
D:9 1 runed door
D:10 Josephine


Innate Abilities, Weirdness & Mutations

You have a pair of large horns on your head.
You are mostly covered in thin metallic scales. (AC +3)
Your flesh is heat resistant. (rF+)
You are partially covered in sharp spines.
You are immune to clouds of flame.


Message History

Firing (i - inventory):
d - 27 bolts (quivered)
Press: ? - help, Shift-Dir - straight line, f/p - Josephine
Aim: Josephine, wielding a dagger and wearing a robe (almost dead)
You shoot a bolt. The bolt closely misses Josephine.
The bolt hits the wraith.
The wraith is severely damaged.
Josephine casts a spell at you.
The ghostly flame explodes!
The ghostly fireball engulfs you!
You feel drained.
* * * LOW HITPOINT WARNING * * *
The ghostly fireball engulfs Josephine.
Josephine completely resists.
Unknown command.
Unknown command.
Firing (i - inventory):
d - 26 bolts (quivered)
Press: ? - help, Shift-Dir - straight line, f/p - Josephine
Aim: Josephine, wielding a dagger and wearing a robe (almost dead)
You shoot a bolt. The bolt barely misses Josephine.
The bolt hits the wraith but does no damage.
The wraith is severely damaged.
Josephine gestures at you while chanting.
The ghostly flame explodes!
The ghostly fireball engulfs you!
You feel drained.
You die...

#.(.#
##.(#######.
#.(........
##.########
#(# #a# #W#
#@# #@# #(#
#(# #.# #.#
#.#
#########.#
##.........#
#....#######


You could see Josephine, a soldier ant and a wraith.

Vanquished Creatures
  2 two-headed ogres
  A queen ant (D:10)
  Sonja (D:10)
  Joseph (D:8)
  A hippogriff (D:9)
  A spriggan (D:7)
  2 basilisks (D:8)
  A yak (D:7)
  2 wraiths (D:10)
  13 soldier ants (D:10)
  A water moccasin (D:9)
  A black bear (D:9)
  2 orc warriors
  A phantom (D:9)
  2 ice beasts (D:8)
  3 sky beasts
  4 ogres
  A necrophage (D:8)
  A centaur (D:9)
  2 bullfrogs
  A scorpion (D:9)
  4 killer bees (D:9)
  A howler monkey (D:5)
  2 electric eels (D:8)
  5 crimson imps
  4 jellies
  2 quasits
  A bullfrog zombie (D:7)
  7 hounds
  4 orc priests
  An orc wizard (D:4)
  A bullfrog skeleton (D:5)
  4 iguanas
  17 worker ants
  Robin (D:2)
  A worker ant zombie (D:10)
  8 adders
  A shadow imp (D:6)
  5 white imps (D:8)
  An ufetubus (D:8)
  An ooze (D:1)
  A worm (D:4)
  A dart slug (D:2)
  4 leopard geckos
  40 orcs
  6 giant cockroaches
  10 hobgoblins
  18 jackals
  9 quokkas
  2 ball pythons
  4 bats
  6 frilled lizards
  17 goblins
  6 kobolds
  A leopard gecko skeleton (D:6)
  2 quokka skeletons
  8 rats
250 creatures vanquished.

Vanquished Creatures (others)
  An ufetubus (D:8)
  A jackal (D:8)
2 creatures vanquished.

Grand Total: 252 creatures vanquished

Notes
Turn   | Place    | Note
-------+----------+-------------------------------------------
     0 | D:1      | inmateoo the Demonspawn Hunter began the quest for the Orb.
     0 | D:1      | Reached XP level 1. HP: 16/16 MP: 1/1
   138 | D:1      | Gained mutation: Your flesh is heat resistant. (rF+) [demonic ancestry]
   138 | D:1      | Reached XP level 2. HP: 19/22 MP: 2/2
   256 | D:1      | Reached skill level 4 in Crossbows
   742 | D:1      | Reached XP level 3. HP: 22/28 MP: 3/3
  1696 | D:2      | Noticed an ice beast
  2129 | D:2      | Gained mutation: You have a pair of small horns on your head. [demonic ancestry]
  2129 | D:2      | Reached XP level 4. HP: 24/34 MP: 4/4
  2429 | D:2      | Noticed Robin
  2660 | D:2      | Killed Robin
  3923 | D:4      | Found a stormy altar of Qazlal.
  3923 | D:4      | Noticed a water elemental
  3928 | D:4      | Noticed a fire elemental
  3935 | D:4      | Noticed an air elemental
  3935 | D:4      | Noticed an earth elemental
  3959 | D:4      | Gained mutation: You have a pair of horns on your head. [demonic ancestry]
  3959 | D:4      | Reached XP level 5. HP: 41/41 MP: 5/5
  3964 | D:4      | Noticed an ogre
  3969 | D:4      | Killed an ogre
  3969 | D:4      | Reached skill level 5 in Crossbows
  3990 | D:4      | Gained mutation: You are partially covered in sharp spines. [demonic ancestry]
  3990 | D:4      | Reached XP level 6. HP: 36/47 MP: 6/6
  4357 | D:5      | Entered Level 5 of the Dungeon
  4465 | D:5      | Reached skill level 6 in Crossbows
  4679 | D:5      | Gained mutation: You are partially covered in thin metallic scales. (AC +2) [demonic ancestry]
  4679 | D:5      | Reached XP level 7. HP: 51/54 MP: 7/7
  4905 | D:5      | Found a staircase to the Ecumenical Temple.
  4914 | Temple   | Entered the Ecumenical Temple
  5036 | Temple   | Became a worshipper of Warmaster Okawaru
  6184 | D:6      | Reached skill level 7 in Crossbows
  6337 | D:6      | Gained mutation: You are mostly covered in thin metallic scales. (AC +3) [demonic ancestry]
  6337 | D:6      | Reached XP level 8. HP: 56/61 MP: 8/8
  6609 | D:6      | Reached skill level 5 in Fighting
  6783 | D:7      | Reached skill level 5 in Dodging
  6830 | D:7      | Reached * piety under Okawaru
  6955 | D:7      | Reached skill level 1 in Invocations
  6979 | D:7      | Found an iron altar of Okawaru.
  6999 | D:7      | Reached skill level 8 in Crossbows
  7517 | D:8      | Found a sparkling altar of Nemelex Xobeh.
  7531 | D:8      | Found Buixonk's Weapon Shoppe.
  7534 | D:8      | Noticed Joseph
  7805 | D:8      | Reached ** piety under Okawaru
  7832 | D:8      | Reached XP level 9. HP: 60/68 MP: 12/12
  8047 | D:8      | Found a staircase to the Lair.
  8073 | D:7      | Reached skill level 9 in Crossbows
  8112 | D:8      | Noticed a two-headed ogre
  8410 | D:8      | Killed a two-headed ogre
  8576 | D:8      | Reached skill level 10 in Crossbows
  8621 | D:8      | Reached *** piety under Okawaru
  8708 | D:8      | Killed Joseph
  8708 | D:8      | Reached skill level 1 in Maces & Flails
  8708 | D:8      | Reached skill level 1 in Armour
  9546 | D:8      | Gained mutation: You have a pair of large horns on your head. [demonic ancestry]
  9546 | D:8      | Reached XP level 10. HP: 73/75 MP: 14/14
  9809 | D:9      | Found a glowing golden altar of the Shining One.
  9810 | D:9      | Found a runed door.
  9810 | D:9      | Noticed an angel
  9843 | D:9      | Noticed a two-headed ogre
  9849 | D:9      | Killed a two-headed ogre
  9849 | D:9      | Reached **** piety under Okawaru
  9849 | D:9      | Received a gift from Okawaru
 10503 | D:9      | Learned a level 1 spell: Apportation
 10506 | D:9      | Learned a level 2 spell: Blink
 10510 | D:9      | Learned a level 3 spell: Mephitic Cloud
 10520 | D:10     | Entered Level 10 of the Dungeon
 11373 | D:10     | Received a gift from Okawaru
 11373 | D:10     | Reached skill level 1 in Spellcasting
 11373 | D:10     | Reached skill level 1 in Translocations
 11464 | D:10     | Reached ***** piety under Okawaru
 11482 | D:10     | Noticed a queen ant
 11511 | D:10     | Killed a queen ant
 11523 | D:10     | Noticed Sonja
 11537 | D:10     | Killed Sonja
 11537 | D:10     | Gained mutation: You are immune to clouds of flame. [demonic ancestry]
 11537 | D:10     | Reached XP level 11. HP: 49/83 MP: 15/15
 11775 | D:10     | Received a gift from Okawaru
 11888 | D:10     | Noticed Josephine
 11903 | D:10     | Killed from afar by Josephine

Skill      XL: |  1  2  3  4  5  6  7  8  9 10 11 |
---------------+----------------------------------+-----
Dodging        | 2 3 4 5 6 |  6.7
Crossbows      | 4 5 6 7 8 10 | 10.9
Fighting       | 3 4 5 6 |  6.9
Invocations    | 4 6 |  6.1
Maces & Flails | 2 3 4 |  4.1
Armour         | 1 3 4 |  4.0
Spellcasting   | 2 |  2.3
Translocations | 2 |  2.3
Stealth        | |  0.8

Action                   |  1- 3 |  4- 6 |  7- 9 | 10-12 || total
-------------------------+-------+-------+-------+-------++-------
Melee: Short sword       |   220 |    92 |    96 |       ||   408
       Headbutt          |       |    18 |    35 |     5 ||    58
       Mace              |       |       |    85 |    25 ||   110
       Hand axe          |       |       |     2 |       ||     2
       Punch             |       |       |       |     1 ||     1
 Fire: Hand crossbow     |     7 |   126 |   101 |   249 ||   483
Invok: Heroism           |       |       |       |     5 ||     5
Evoke: Wand              |       |       |     5 |     1 ||     6
  Use: Scroll            |       |    10 |     9 |     1 ||    20
       Potion            |       |       |     3 |     4 ||     7
  Eat: Chunk             |     4 |     8 |    15 |     7 ||    34
Armor: Ring mail         |   119 |    48 |     3 |       ||   170
       Scale mail        |       |       |   101 |    78 ||   179
Dodge: Dodged            |   200 |    75 |   119 |   115 ||   509
